 Zot Defence DCSS version 0.15.2 (webtiles) character file.

91373 MordorOrchid the Eclecticist (level 16, 0/1 (98) HPs)
             Began as an Octopode Necromancer on Nov 8, 2020.
             Was the Champion of Sif Muna.
             Rotted away (an acid blob)
             ... in the Realm of Zot (Scenario I: Hall of Zot).
             The game lasted 01:21:29 (3866 turns).

MordorOrchid the Eclecticist (Octopode Necromancer) Turns: 3866, Time: 01:21:29

HP   0/1 (98)    AC  1     Str  7      XL: 16   Next:  3%
MP  38/38        EV 17     Int 25      God: Sif Muna [******]
Gold 0           SH  0     Dex 12      Spells: 12 memorised,  6 levels left

rFire  . . .     SeeInvis .     a - +0 short sword
rCold  . . .     Clarity  .     (no shield)
rNeg   . . .     rCorr    .     (helmet restricted)
rPois  .         rRot     .     (no amulet)
rElec  .         Spirit   .     (no ring)
SustAb .         Warding  .     (no ring)
rMut   .         Stasis   .     (no ring)
Gourm  .                        (no ring)
MR     +....                    (no ring)
                                (no ring)
                                (no ring)
                                (no ring)

@: repel missiles, somewhat resistant to hostile enchantments, fairly stealthy
A: almost no armour, amphibious, 8 rings, constrict 8, camouflage 1, gelatinous
body 1
a: Make oklob sapling, Make arrow trap, Make plant, Remove Curse, Make burning
bush, Make altar, Make grenades, Make oklob plant, Make net trap, Make ice
statue, Make spear trap, Make alarm trap, Make mushroom circle, Make bolt trap,
Make crystal statue, Make needle trap, Zot-teleport, Channel Energy, Forget
Spell, Renounce Religion


You were in the Realm of Zot.
You worshipped Sif Muna.
Sif Muna was exalted by your worship.
You were not hungry.

You visited 1 branch

Inventory:

Hand weapons
 a - a +0 short sword (weapon)
 b - a +2 flail of holy wrath
 e - a +1 dagger of draining
 h - a +2 dagger of electrocution
Missiles
 k - 35 throwing nets (quivered)
 q - 2 tomahawks
Magical devices
 j - a wand of frost (8)
 l - a wand of slowing (12)
Comestibles
 d - a bread ration
Scrolls
 i - a scroll of blinking
Potions
 c - 3 potions of curing
 f - a potion of haste
 g - 2 potions of magic
Books
 m - Sif Muna's Grimoire of Evil Secrets
   (Sif Muna gifted it to you in the Realm of Zot)

   Spells                             Type                      Level
   *Sublimation of Blood              Necromancy                   2
   *Animate Dead                      Necromancy                   4
   *Death Channel                     Necromancy                   6
   Borgnjor's Revivification          Necromancy                   8
 n - Acaala Grong's Almanac of Aid
   (Sif Muna gifted it to you in the Realm of Zot)

   Spells                             Type                      Level
   *Repel Missiles                    Charms/Air                   2
   Swiftness                          Charms/Air                   2
   Spectral Weapon                    Hexes/Charms                 3
   Haste                              Charms                       6
 o - Borgnjor's Disquisition on Evil
   (Sif Muna gifted it to you in the Realm of Zot)

   Spells                             Type                      Level
   *Pain                              Necromancy                   1
   *Regeneration                      Charms/Necromancy            3
   Agony                              Necromancy                   5
   *Twisted Resurrection              Necromancy                   5
   Simulacrum                         Ice/Necromancy               6
 p - Sif Muna's Advanced Witchery
   (Sif Muna gifted it to you in the Realm of Zot)

   Spells                             Type                      Level
   Warp Weapon                        Charms/Translocation         5
   Excruciating Wounds                Charms/Necromancy            5
   *Fireball                          Conjuration/Fire             5
   *Shadow Creatures                  Summoning                    5
   Phase Shift                        Translocation                5
   Blade Hands                        Transmutation                5


   Skills:
 - Level 5.3 Fighting
 * Level 9.7 Dodging
 - Level 2.6 Stealth
 + Level 16.0 Spellcasting
 * Level 2.4 Conjurations
 * Level 6.6 Charms
 * Level 0.4 Summonings
 - Level 14.7 Necromancy
 * Level 2.0 Fire Magic
 * Level 4.8 Air Magic
 - Level 6.4 Invocations
 - Level 6.4 Evocations


You had 6 spell levels left.
You knew the following spells:

 Your Spells              Type           Power        Failure   Level  Hunger
a - Pain                  Necr           ####         0%          1    None
b - Control Undead        Necr           #######...   1%          4    None
c - Twisted Resurrection  Necr           #######...   1%          5    None
f - Fireball              Conj/Fire      ####......   34%         5    None
k - Regeneration          Chrm/Necr      ######....   1%          3    None
m - Sublimation of Blood  Necr           #######...   0%          2    None
s - Shadow Creatures      Summ           N/A          75%         5    None
u - Animate Skeleton      Necr           N/A          0%          1    None
v - Vampiric Draining     Necr           #######...   1%          3    None
y - Repel Missiles        Chrm/Air       #####.       1%          2    None
D - Death Channel         Necr           #######...   1%          6    ####...
U - Animate Dead          Necr           N/A          1%          4    None


Dungeon Overview and Level Annotations

Branches:
    Zot (1/1)

Altars:
Sif Muna

Annotations:
Zot Psyche


Innate Abilities, Weirdness & Mutations

You cannot wear most types of armour.
You are amphibious.
You can wear up to eight rings at the same time.
You can use your tentacles to constrict many enemies at once.
Your skin changes colour to match your surroundings (Stealth).
Your rubbery body absorbs attacks (AC +1).


Message History

The azure jelly hits your burning bush.
The azure jelly freezes your burning bush!!
Your burning bush is destroyed!
Your flesh rots away as the Orb of Zot is desecrated. x2
Your burning bush throws fire at the acid blob.
The puff of flame hits the acid blob.
The acid blob hits your burning bush but does no damage.
Your burning bush throws fire at the azure jelly.
The puff of flame hits the azure jelly.
The azure jelly is burned terribly!
Your flesh rots away as the Orb of Zot is desecrated.
The acid blob spits acid at your burning bush.
The splash of acid hits your burning bush.
Your burning bush appears unharmed.
Your burning bush throws fire at the acid blob.
The puff of flame hits the acid blob.
Your burning bush throws fire at the azure jelly.
The puff of flame hits the azure jelly.
The azure jelly is burned terribly!
Your flesh rots away as the Orb of Zot is desecrated.
Ouch! That really hurt!
You die...

.....▓▓▓ ▓▓▓......... ....((.▓▓
▓▓........... .....)..▓ ▓▓▓▓▓▓▓▓▓
▓............
........▓▓▓PPPPPPP▓▓▓............
........▓▓(....J.(.▓▓..).........
.......)▓....P@PPPP.▓(...........
......))))...PJ(J((.(............
......(^▓.(..PJPPPP(▓(...........
.....%)(▓▓......@..▓▓.)(....YZ...
.....%..▓▓▓(PP((PP▓▓▓J..(...Y....
..).....# ▓▓▓▓▓▓▓▓▓ #...J........
.......## ##...J....... .....###
###......... ..#### ####......
####### ########### ^.....###
###.....[lY.. ..##....##
##....##..)c..


You could see 2 acid blobs, an azure jelly, Psyche, a jelly, 4 friendly oklob
plants, 6 friendly burning bushes and a friendly oklob sapling.

Vanquished Creatures
  An ugly thing (Zot)
  A yaktaur (Zot)
  A warg (Zot)
  A raven zombie (Zot)
  An orc warrior (Zot)
  A phantom (Zot)
  2 centaurs (Zot)
  A wight (Zot)
  A jelly (Zot)
  An orc priest (Zot)
  An orc (Zot)
  3 goblins (Zot)
  2 hobgoblins (Zot)
  2 kobolds (Zot)
  3 bats (Zot)
  A plant (Zot)
23 creatures vanquished.

Vanquished Creatures (collateral kills)
  the Lernaean hydra (Zot)
  5 very ugly things (Zot)
  A centaur warrior (Zot)
  5 hydras (Zot)
  3 tengu warriors (Zot)
  Harold (Zot)
  An alligator (Zot)
  A satyr (Zot)
  5 death yaks (Zot)
  A soul eater (Zot)
  3 naga sharpshooters (Zot)
  3 orc knights (Zot)
  6 mana vipers (Zot)
  2 tengu conjurers (Zot)
  16 ugly things (Zot)
  6 hill giants (Zot)
  A frost giant zombie (Zot)
  7 fauns (Zot)
  A red wasp (Zot)
  A salamander (Zot)
  A naga mage (Zot)
  A draconian (shapeshifter) (Zot)
  4 elephants (Zot)
  3 trolls (Zot)
  Joseph (Zot)
  5 black mambas (Zot)
  A mermaid (Zot)
  2 vault sentinels (Zot)
  An orange demon (Zot)
  An iron devil (Zot)
  2 gargoyles (Zot)
  3 ravens (Zot)
  2 komodo dragons (Zot)
  A komodo dragon (shapeshifter) (Zot)
  A silent spectre (Zot)
  A troll (shapeshifter) (Zot)
  8 yaktaurs (Zot)
  2 kobold demonologists (Zot)
  A giant leech (Zot)
  6 merfolk (Zot)
  9 polar bears (Zot)
  A jumping spider (Zot)
  8 wind drakes (Zot)
  A queen bee (shapeshifter) (Zot)
  50 slime creatures (Zot)
  An alligator zombie (Zot)
  2 redbacks (Zot)
  A water elemental (Zot)
  6 flying skulls (Zot)
  A redback (shapeshifter) (Zot)
  2 hungry ghosts (Zot)
  A trapdoor spider (shapeshifter) (Zot)
  A wraith (Zot)
  A hill giant zombie (Zot)
  4 deep elf magi (Zot)
  18 vampires (Zot)
  A steam dragon (Zot)
  A wyvern (Zot)
  5 water moccasins (Zot)
  Edmund (Zot)
  A soldier ant (Zot)
  14 vampire mosquitoes (Zot)
  2 mottled dragons (Zot)
  A slave (Zot)
  An ogre skeleton (Zot)
  6 nagas (Zot)
  5 sky beasts (Zot)
  15 black bears (Zot)
  2 ogres (Zot)
  2 yellow wasps (Zot)
  3 orc warriors (Zot)
  8 boggarts (Zot)
  2 phantoms (Zot)
  9 centaurs (Zot)
  A crocodile (Zot)
  4 big kobolds (Zot)
  Blork the orc (Zot)
  5 giant frogs (Zot)
  A yaktaur skeleton (Zot)
  A cyclops zombie (Zot)
  An eye of draining (Zot)
  28 jellies (Zot)
  2 wights (Zot)
  A goliath beetle (Zot)
  A crimson imp (Zot)
  2 orc wizards (Zot)
  A gnoll shaman (Zot)
  A goliath beetle (shapeshifter) (Zot)
  An orange rat (Zot)
  6 hounds (Zot)
  2 orc priests (Zot)
  A giant frog zombie (Zot)
  7 iguanas (Zot)
  2 worker ants (Zot)
  5 sheep (Zot)
  13 gnolls (Zot)
  10 adders (Zot)
  5 green rats (Zot)
  6 shadow imps (Zot)
  A white imp (Zot)
  3 worms (Zot)
  An ufetubus (Zot)
  An adder skeleton (Zot)
  An ooze (Zot)
  11 orcs (Zot)
  2 ball pythons (Zot)
  6 bats (Zot)
  12 goblins (Zot)
  16 hobgoblins (Zot)
  7 jackals (Zot)
  4 quokkas (Zot)
  3 giant geckos (Zot)
  3 giant newts (Zot)
  18 giant spores (Zot)
  A goblin skeleton (Zot)
  18 kobolds (Zot)
  An orc zombie (Zot)
  24 rats (Zot)
  A plant (Zot)
545 creatures vanquished.

Vanquished Creatures (others)
  A very ugly thing zombie (Zot)
  6 oklob plants (Zot)
  2 ugly thing skeletons (Zot)
  A deep elf priest (Zot)
  8 burning bushes (Zot)
  3 hydra zombies (Zot)
  A two-headed ogre (Zot)
  3 small abominations (Zot)
  2 deep elf magi (Zot)
  3 black mamba zombies (Zot)
  2 hill giant zombies (Zot)
  3 wind drake zombies (Zot)
  Eustachio (Zot)
  A hill giant skeleton (Zot)
  A tengu zombie (Zot)
  A faun zombie (Zot)
  A merfolk zombie (Zot)
  2 water moccasins (Zot)
  15 boggarts (Zot)
  2 merfolk skeletons (Zot)
  2 porcupines (Zot)
  3 human zombies (Zot)
  A black bear (Zot)
  A centaur (Zot)
  6 vampire mosquito zombies (Zot)
  A salamander zombie (Zot)
  A yaktaur zombie (Zot)
  A water moccasin skeleton (Zot)
  A troll zombie (Zot)
  2 polar bear zombies (Zot)
  9 oklob saplings (Zot)
  A hound (Zot)
  2 centaur zombies (Zot)
  10 black bear zombies (Zot)
  2 orc priests (Zot)
  2 iguanas (Zot)
  A black bear skeleton (Zot)
  An orc wizard (Zot)
  2 mottled dragon zombies (Zot)
  12 sheep (Zot)
  4 naga zombies (Zot)
  A crocodile zombie (Zot)
  A worker ant zombie (Zot)
  3 gnolls (Zot)
  2 worm zombies (Zot)
  A human skeleton (Zot)
  An orange rat skeleton (Zot)
  4 orc skeletons (Zot)
  A shadow imp (Zot)
  A goliath beetle zombie (Zot)
  A sheep zombie (Zot)
  6 adder zombies (Zot)
  5 gnoll zombies (Zot)
  2 iguana zombies (Zot)
  5 orcs (Zot)
  4 bat skeletons (Zot)
  3 gnoll skeletons (Zot)
  3 hobgoblins (Zot)
  A quokka (Zot)
  A ball python zombie (Zot)
  A giant gecko zombie (Zot)
  A giant newt skeleton (Zot)
  A giant spore (Zot)
  A goblin skeleton (Zot)
  2 goblin zombies (Zot)
  2 green rat skeletons (Zot)
  A hobgoblin skeleton (Zot)
  8 hobgoblin zombies (Zot)
  2 jackal zombies (Zot)
  4 kobolds (Zot)
  3 kobold skeletons (Zot)
  4 kobold zombies (Zot)
  8 orc zombies (Zot)
  3 quokka zombies (Zot)
  5 rat skeletons (Zot)
  4 rat zombies (Zot)
  3 crawling corpses (Zot)
  5 fungi (Zot)
  A macabre mass (Zot)
229 creatures vanquished.

Grand Total: 797 creatures vanquished

Notes
Turn   | Place    | Note
--------------------------------------------------------------
     0 | Zot      | MordorOrchid, the Octopode Necromancer, began the quest for the Orb.
     0 | Zot      | Reached XP level 1. HP: 11/11 MP: 3/3
     3 | Zot      | Learned a level 1 spell: Animate Skeleton
   212 | Zot      | Reached XP level 2. HP: 12/18 MP: 0/4
   217 | Zot      | Reached skill level 1 in Fighting
   307 | Zot      | Reached XP level 3. HP: 16/23 MP: 3/6
   312 | Zot      | Learned a level 3 spell: Vampiric Draining
   341 | Zot      | Noticed Olfik
   354 | Zot      | Killed Olfik the orc warrior
   354 | Zot      | Reached XP level 4. HP: 24/30 MP: 0/11
   354 | Zot      | Reached XP level 5. HP: 27/35 MP: 0/13
   354 | Zot      | Reached XP level 6. HP: 31/41 MP: 0/15
   531 | Zot      | Learned a level 3 spell: Regeneration
   534 | Zot      | Noticed Kaeddu
   536 | Zot      | Learned a level 4 spell: Animate Dead
   548 | Zot      | Killed Kaeddu the warg
   548 | Zot      | Reached skill level 5 in Spellcasting
   548 | Zot      | Reached XP level 7. HP: 16/46 MP: 3/19
   557 | Zot      | Learned a level 4 spell: Control Undead
   641 | Zot      | Noticed Orik
   673 | Zot      | Killed Orik the orc knight
   673 | Zot      | Reached skill level 7 in Spellcasting
   673 | Zot      | Reached skill level 1 in Charms
   673 | Zot      | Reached skill level 5 in Necromancy
   673 | Zot      | Reached XP level 8. HP: 35/52 MP: 0/23
   844 | Zot      | Noticed Edmund
   844 | Zot      | Killed Edmund
   944 | Zot      | Noticed Faolopol
   949 | Zot      | Killed Faolopol the troll
   949 | Zot      | Reached XP level 9. HP: 58/58 MP: 25/25
  1020 | Zot      | Reached skill level 8 in Spellcasting
  1041 | Zot      | Your ally Edmund died
  1404 | Zot      | Reached skill level 9 in Spellcasting
  1424 | Zot      | Became a worshipper of Sif Muna the Loreminder
  1443 | Zot      | Noticed Harold
  1446 | Zot      | Killed Harold
  1446 | Zot      | Reached skill level 5 in Dodging
  1446 | Zot      | Reached XP level 10. HP: 65/65 MP: 26/28
  1536 | Zot      | Acquired Sif Muna's first power
  1542 | Zot      | Noticed Straul
  1549 | Zot      | Your ally Harold died
  1564 | Zot      | Killed Straul the tengu warrior
  1607 | Zot      | Reached skill level 5 in Fighting
  1607 | Zot      | Reached skill level 10 in Spellcasting
  1616 | Zot      | Acquired Sif Muna's second power
  1706 | Zot      | Reached XP level 11. HP: 72/72 MP: 29/29
  1716 | Zot      | Reached skill level 1 in Evocations
  1717 | Zot      | Noticed a brown ugly thing
  1722 | Zot      | Killed a brown ugly thing
  1728 | Zot      | Reached skill level 1 in Invocations
  1822 | Zot      | Killed a hill giant
  1870 | Zot      | Noticed Gryca
  1873 | Zot      | Killed Gryca the hill giant
  1942 | Zot      | Noticed Cuxad
  1951 | Zot      | Killed Cuxad the hill giant
  1951 | Zot      | Reached skill level 11 in Spellcasting
  1951 | Zot      | Reached skill level 10 in Necromancy
  2143 | Zot      | Noticed Joseph
  2146 | Zot      | Killed Joseph
  2146 | Zot      | Acquired Sif Muna's third power
  2213 | Zot      | Reached XP level 12. HP: 70/77 MP: 31/31
  2257 | Zot      | Killed Blork the orc
  2281 | Zot      | Reached skill level 12 in Spellcasting
  2283 | Zot      | Your ally Joseph died
  2430 | Zot      | Reached XP level 13. HP: 81/81 MP: 33/33
  2438 | Zot      | Reached skill level 5 in Invocations
  2440 | Zot      | Received a gift from Sif Muna
  2441 | Zot      | Identified Sif Muna's Grimoire of Evil Secrets (Sif Muna gifted it to you in the Realm of Zot)
  2445 | Zot      | Learned a level 2 spell: Sublimation of Blood
  2452 | Zot      | Learned a level 6 spell: Death Channel
  2502 | Zot      | Noticed a white very ugly thing
  2505 | Zot      | Killed a white very ugly thing
  2523 | Zot      | Killed Eustachio
  2526 | Zot      | Reached skill level 13 in Spellcasting
  2532 | Zot      | Reached skill level 5 in Evocations
  2743 | Zot      | Noticed the 27-headed Lernaean hydra
  2745 | Zot      | Killed the 27-headed Lernaean hydra
  2745 | Zot      | Received a gift from Sif Muna
  2745 | Zot      | Reached XP level 14. HP: 88/88 MP: 33/35
  2746 | Zot      | Identified Acaala Grong's Almanac of Aid (Sif Muna gifted it to you in the Realm of Zot)
  2750 | Zot      | Learned a level 2 spell: Repel Missiles
  2840 | Zot      | Reached skill level 1 in Air Magic
  2953 | Zot      | Reached skill level 5 in Charms
  2956 | Zot      | Your ally Lernaean died
  2995 | Zot      | Noticed a red very ugly thing
  3001 | Zot      | Killed a red very ugly thing
  3011 | Zot      | Noticed a cyan very ugly thing
  3014 | Zot      | Reached skill level 14 in Spellcasting
  3020 | Zot      | Killed a cyan very ugly thing
  3041 | Zot      | Received a gift from Sif Muna
  3045 | Zot      | Identified Borgnjor's Disquisition on Evil (Sif Muna gifted it to you in the Realm of Zot)
  3050 | Zot      | Noticed a cyan very ugly thing
  3052 | Zot      | Learned a level 5 spell: Twisted Resurrection
  3063 | Zot      | Killed a red very ugly thing
  3206 | Zot      | Your ally Fisahoech died
  3215 | Zot      | Reached XP level 15. HP: 92/92 MP: 36/36
  3339 | Zot      | Reached skill level 15 in Spellcasting
  3373 | Zot      | Received a gift from Sif Muna
  3374 | Zot      | Identified Sif Muna's Advanced Witchery (Sif Muna gifted it to you in the Realm of Zot)
  3439 | Zot      | Your ally Lernaean died
  3445 | Zot      | Your ally Schoqob died
  3501 | Zot      | Learned a level 5 spell: Fireball
  3599 | Zot      | Reached skill level 1 in Fire Magic
  3646 | Zot      | Reached skill level 1 in Conjurations
  3752 | Zot      | Your ally Ilekkao died
  3760 | Zot      | Learned a level 5 spell: Shadow Creatures
  3792 | Zot      | Noticed an acid blob
  3808 | Zot      | Reached XP level 16. HP: 56/89 MP: 38/38
  3817 | Zot      | Noticed an acid blob
  3831 | Zot      | Noticed an azure jelly
  3832 | Zot      | Noticed Psyche
  3857 | Zot      | Reached skill level 16 in Spellcasting
  3866 | Zot      | Rotted away (an acid blob)

Action                   |  1- 3 |  4- 6 |  7- 9 | 10-12 | 13-15 | 16-18 || total
-------------------------+-------+-------+-------+-------+-------+-------++-------
Melee: Unarmed           |     8 |       |       |       |       |       ||     8
       Short sword       |     7 |       |     8 |     5 |    48 |     8 ||    76
Throw: Throwing net      |       |       |       |       |    24 |       ||    24
 Cast: Pain              |     5 |     4 |     8 |     8 |    22 |       ||    47
       Animate Skeleton  |     6 |     7 |     6 |       |       |       ||    19
       Vampiric Draining |     2 |     2 |     3 |       |     2 |       ||     9
       Animate Dead      |       |       |     5 |     5 |     2 |       ||    12
       Regeneration      |       |       |       |     3 |     4 |     1 ||     8
       Death Channel     |       |       |       |       |    18 |       ||    18
       Repel Missiles    |       |       |       |       |     1 |       ||     1
       Twisted Resurrect |       |       |       |       |     2 |     1 ||     3
Invok: Channel Energy    |       |       |       |       |     5 |       ||     5
 Abil: Make oklob saplin |     1 |     3 |     4 |       |     2 |       ||    10
       Make altar        |       |       |     2 |       |       |       ||     2
       Make plant        |       |       |     1 |     1 |       |     1 ||     3
       Make burning bush |       |       |     6 |     4 |     4 |       ||    14
       Make net trap     |       |       |     7 |    25 |   100 |     3 ||   135
       Make spear trap   |       |       |       |    24 |       |       ||    24
       Make grenades     |       |       |       |     3 |     6 |       ||     9
       Make oklob plant  |       |       |       |     3 |     7 |       ||    10
       Make mushroom cir |       |       |       |       |     1 |     1 ||     2
Evoke: Wand              |       |       |       |       |     2 |       ||     2
  Use: Potion            |     2 |       |       |       |       |       ||     2
 Stab: Held in net/web   |       |       |       |       |     2 |       ||     2
       Distracted        |       |       |       |       |     1 |       ||     1
